 Dungeon Crawl Stone Soup version 0.31.0-32-g396128a36d (webtiles) character file.

Game seed: 8746795920993543398

6474 belegose the Thrower (level 11, -8/105 (109) HPs)
             Began as an Oni Monk on Apr 24, 2024.
             Was a High Priest of Zin.
             Mangled by a sixfirhy (10 damage)
             ... summoned by a kobold demonologist
             ... on level 8 of the Dungeon.
             The game lasted 00:32:12 (8073 turns).

belegose the Thrower (Oni Monk)                     Turns: 8073, Time: 00:32:13

HP:   -8/105 (109)  AC:  6    Str: 12    XL:     11   Next: 0%
MP:   13/13         EV:  9    Int: 15    God:    Zin [*****.]
Gold: 518           SH: 10    Dex: 11    Spells: 13/13 levels left

rFire   . . .        a - +6 falchion of Xuaphuot {venom, rPois Will++ Str-5 Stlth+}
rCold   . . .        M - +0 kite shield
rNeg    . . .        J - +2 robe {Will+}
rPois   +            (helmet restricted)
rElec   .            H - +0 cloak
rCorr   .            (gloves unavailable)
SInv    .            (boots unavailable)
Will    ++++.        y - amulet of regeneration
Stlth   ++           u - ring of wizardry
HPRegen 1.17/turn    (no ring)
MPRegen 0.13/turn

%: wizardry (x1)
@: on recite cooldown, lightly drained
A: large, unfitting armour, horns 1, tough skin 1, double potion healing,
drunken brawling
a: Renounce Religion, Recite, Vitalisation, Imprison, Sanctuary, Donate Gold


You were on level 8 of the Dungeon.
You worshipped Zin.
Zin was extremely pleased with you.
You visited 2 branches of the dungeon, and saw 10 of its levels.

You collected 690 gold pieces.
You spent 105 gold pieces at shops.
You donated 67 gold pieces to Zin.

Inventory:

Hand Weapons
 a - the +6 falchion of Xuaphuot (weapon) {venom, rPois Will++ Str-5 Stlth+}
   (You found it on level 5 of the Dungeon)

   Str-5:     It affects your strength (-5).
   rPois:     It protects you from poison Will++: It greatly increases your
   willpower.
   Stlth+:    It makes you more stealthy.
 b - a +1 heavy flail
Missiles
 f - 107 stones
 n - 3 throwing nets
 s - 26 poisoned darts (quivered)
 I - 2 curare-tipped darts
Armour
 d - an orb of light
 G - a +1 robe of fire resistance
 H - a +0 cloak (worn)
 J - a +2 robe of willpower (worn)
 M - a +0 kite shield (worn)
 S - +1 steam dragon scales
Jewellery
 u - a ring of wizardry (left hand)
 y - an amulet of regeneration (around neck)
 K - an amulet of guardian spirit
Wands
 l - a wand of digging (13)
 x - a wand of paralysis (31)
 E - a wand of roots (19)
 O - a wand of light (9)
Scrolls
 g - a scroll of fear {unknown}
 i - 2 scrolls of torment {unknown}
 m - a scroll of noise {unknown}
 p - 2 scrolls of enchant armour {unknown}
 q - 8 scrolls of teleportation
 v - 2 scrolls of enchant weapon {unknown}
 w - a scroll of summoning {unknown}
 C - a scroll of silence {unknown}
 D - 3 scrolls of fog {unknown}
Potions
 c - a potion of ambrosia
 e - a potion of magic
 o - 2 potions of might
 r - 3 potions of heal wounds
 z - 2 potions of curing
 A - a potion of brilliance
 B - 5 potions of mutation
 F - a potion of haste
 N - a potion of cancellation
 P - a potion of resistance {unknown}
 Q - a potion of berserk rage


   Skills:
 - Level 7.0 Fighting
 - Level 5.0 Maces & Flails
 - Level 9.0 Throwing
 - Level 4.0 Armour
 - Level 4.0 Dodging
 + Level 8.0 Shields
 - Level 1.7 Spellcasting
 - Level 5.0 Evocations


You had 13 spell levels left.
You didn't know any spells.
Your spell library contained the following spells:

 Spells                   Type           Power      Damage    Failure   Level
 Apportation              Tloc           2%         N/A       26%         1
 Shock                    Conj/Air       4%         1d3       26%         1
 Jinxbite                 Hex            2%         N/A       36%         2
 Lesser Beckoning         Tloc           2%         N/A       36%         2
 Gell's Gravitas          Tloc           1%         N/A       58%         3
 Swiftness                Air            1%         N/A       58%         3
 Teleport Other           Tloc           1%         N/A       58%         3
 Airstrike                Air            0%         2d(1-17)  92%         4
 Alistair's Intoxication  Alch           0%         N/A       99%         5


Dungeon Overview and Level Annotations

Branches:
Dungeon (9/15)             Temple (1/1) D:7
   Lair: D:8-11         Orc: D:9-12

Altars:
Ashenzari
Cheibriados
Dithmenos
Elyvilon
Fedhas
Gozag
Hepliaklqana
Kikubaaqudgha
Makhleb
Nemelex Xobeh
Okawaru
Qazlal
Ru
Trog
Uskayaw
Vehumet
Xom
Yredelemnul
Zin
The Shining One

Shops:
D:7 *   D:8 !

Annotations:
D:4 2 transporters, Consumeair16's ghost, novice GnCj
D:6 2 transporters, SubTonic's ghost, amateur DECj


Innate Abilities, Weirdness & Mutations

You are too large for most types of armour.
You have a pair of small horns on your head.
You have tough skin. (AC +1)
You gain doubled healing and magic from potions.
Whenever you drink a healing potion, you attack all around you.


Message History

You feel sick.
You are no longer poisoned.
You block the kobold's attack.
The kobold demonologist barely misses you.
The kobold hits you but does no damage.
The kobold demonologist mumbles some strange words.
You hit the kobold demonologist.
The kobold demonologist looks as sick as possible!
The kobold demonologist is moderately wounded.
You block the sixfirhy's attack. The sixfirhy hits you!
The sixfirhy shocks you! The sixfirhy hits you! The sixfirhy shocks you!
The kobold demonologist is lost in a daze.
You block the kobold's attack. The sixfirhy barely misses you.
You barely miss the kobold demonologist.
You headbutt the kobold demonologist, but do no damage.
The kobold demonologist is heavily wounded.
The sixfirhy closely misses you. The sixfirhy barely misses you.
The sixfirhy closely misses you. The sixfirhy hits you!
The sixfirhy shocks you!
The kobold demonologist hits you with a +0 dagger.
You block the kobold's attack.
The kobold is lost in a daze.
The kobold demonologist is lost in a daze.
You closely miss the kobold demonologist.
The kobold demonologist is heavily wounded.
The kobold hits you but does no damage.
The kobold demonologist is lost in a daze.
Unknown command.
You hit the kobold demonologist.
Your headbutt misses the kobold demonologist.
The kobold demonologist is severely wounded.
The sixfirhy hits you! The sixfirhy shocks you!
* * * LOW HITPOINT WARNING * * *
The sixfirhy hits you.
* * * LOW HITPOINT WARNING * * *
The sixfirhy shocks you!
* * * LOW HITPOINT WARNING * * *
The sixfirhy hits you!
* * * LOW HITPOINT WARNING * * *
The sixfirhy shocks you!
You die...

###....#..##.# #..##.####.......
.....###..#..####.##..## ###.##..
...####............#...#######...
.####..........##..#....#.##.....
.###...).....#.#.#............###
.....).#.....#...#...........## #
.....#)#.....#...##..........# ##
#..###.<......#..K.........#####.
#...###.......#K@......##........
....##.........).3.######........
#.)###.............# ##.#...#....
#..# ###..........####....###....
...###.............#.....## #....
#.................##.########....
........................#........
...........##....................
...#.................#...........


You could see a kobold demonologist (dazed, very poisoned), a sixfirhy
(summoned) and a kobold (dazed).

Vanquished Creatures
  Amaemon (D:7)
  Pikel (D:6)
  Maurice (D:8)
  An orange demon (D:8)
  Maggie (D:9)
  A kobold demonologist (D:8)
  Jeremiah (D:7)
  Prince Ribbit (D:8)
  Grinder (D:5)
  3 yaks (D:7)
  Eustachio (D:5)
  Grum (D:8)
  Menkaure (D:5)
  A water moccasin (D:6)
  A sky beast (D:7)
  A black bear (D:6)
  3 ice beasts
  3 centaurs
  4 wolves
  An ogre (D:5)
  3 lemures
  3 phantoms (D:5)
  3 kobold brigands
  2 gnoll sergeants (D:7)
  2 scorpions
  A wight (D:8)
  3 howler monkeys
  2 orc priests
  A bombardier beetle (D:4)
  A jelly (D:4)
  2 gnoll boudas
  2 hounds
  2 iguanas
  3 orc wizards
  21 gnolls
  An adder (D:2)
  A shadow imp (D:8)
  4 ufetubi
  4 dart slugs
  3 ribbon worms
  12 orcs
  8 ball pythons
  5 endoplasms
  2 giant cockroaches
  6 hobgoblins
  2 jackals (D:3)
  21 kobolds
  A quokka (D:1)
  18 bats
  3 frilled lizards (D:1)
  12 goblins
  6 rats
189 creatures vanquished.

Notes
Turn   | Place    | Note
-------+----------+-------------------------------------------
     0 | D:1      | belegose the Oni Monk began the quest for the Orb.
     0 | D:1      | Reached XP level 1. HP: 24/24 MP: 1/1
   205 | D:1      | Reached XP level 2. HP: 31/32 MP: 2/2
   478 | D:1      | Reached XP level 3. HP: 40/40 MP: 3/3
   782 | D:1      | Reached skill level 1 in Throwing
  1451 | D:2      | Reached XP level 4. HP: 43/49 MP: 4/4
  2009 | D:3      | Reached skill level 5 in Fighting
  2123 | D:3      | Reached XP level 5. HP: 55/57 MP: 5/5
  2223 | D:3      | Reached skill level 2 in Throwing
  2653 | D:4      | Noticed an ice beast
  2926 | D:4      | Found a transporter.
  2930 | D:4      | Found a transporter.
  2930 | D:4      | Identified the +4 great mace "Woatwa" {flame, ^Fragile
                  | rN+++ rCorr Int+3}
  2930 | D:4      | Noticed an ogre
  2931 | D:4      | Noticed Consumeair16's ghost (novice GnCj)
  2953 | D:4      | Killed an ice beast
  2954 | D:4      | Reached XP level 6. HP: 50/66 MP: 6/6
  3577 | D:5      | Entered Level 5 of the Dungeon
  3622 | D:4      | Reached skill level 3 in Throwing
  3657 | D:5      | Reached skill level 1 in Armour
  3657 | D:5      | Reached XP level 7. HP: 69/75 MP: 7/7
  3854 | D:5      | Reached skill level 5 in Maces & Flails
  3957 | D:5      | Noticed Grinder
  3984 | D:6      | Reached skill level 4 in Throwing
  4036 | D:6      | Noticed Pikel
  4044 | D:6      | Noticed Eustachio
  4145 | D:5      | Noticed Menkaure
  4157 | D:5      | Killed Menkaure
  4158 | D:5      | Reached XP level 8. HP: 87/87 MP: 8/8
  4460 | D:5      | Killed Grinder
  4461 | D:5      | Reached skill level 5 in Throwing
  4461 | D:5      | Reached skill level 1 in Spellcasting
  4667 | D:5      | Identified the +6 falchion of Xuaphuot {venom, rPois Will++
                  | Str-5 Stlth+}
  4829 | D:5      | Killed Eustachio
  5101 | D:6      | Killed Pikel
  5102 | D:6      | Reached skill level 6 in Throwing
  5102 | D:6      | Reached XP level 9. HP: 88/93 MP: 11/11
  5230 | D:6      | Found a transporter.
  5233 | D:6      | Found a transporter.
  5355 | D:6      | Noticed SubTonic's ghost (amateur DECj)
  5426 | D:7      | Noticed Jeremiah
  5727 | D:7      | Found a staircase to the Ecumenical Temple.
  5784 | Temple   | Entered the Ecumenical Temple
  5787 | Temple   | Reached skill level 7 in Throwing
  5827 | Temple   | Became a worshipper of Zin the Law-Giver
  5827 | Temple   | Reached * piety under Zin
  5827 | Temple   | Reached ** piety under Zin
  5827 | Temple   | Reached *** piety under Zin
  5896 | D:6      | Reached skill level 5 in Evocations
  5983 | D:7      | Found Nuociv's General Store.
  5991 | D:7      | Bought a potion of heal wounds for 75 gold pieces
  6089 | D:7      | Killed Jeremiah
  6090 | D:7      | Reached skill level 8 in Throwing
  6205 | D:7      | Reached **** piety under Zin
  6360 | D:7      | Reached skill level 1 in Shields
  6588 | D:8      | Noticed Amaemon
  6591 | D:8      | Noticed an orange demon
  6601 | D:8      | Killed an orange demon
  6602 | D:8      | Reached XP level 10. HP: 73/102 MP: 12/12
  6618 | D:7      | Reached skill level 9 in Throwing
  6660 | D:7      | Killed Amaemon
  6661 | D:7      | Reached skill level 5 in Shields
  6847 | D:8      | Noticed Prince Ribbit
  6864 | D:8      | Killed Prince Ribbit
  6988 | D:8      | Found Jeaficaa's Distillery.
  6993 | D:8      | Bought a potion of curing for 30 gold pieces
  7010 | D:8      | Noticed Grum
  7021 | D:8      | Killed Grum
  7049 | D:8      | Noticed Maurice
  7170 | D:8      | Maurice stole a +2 trident of flaming
  7173 | D:8      | Maurice stole an amulet of guardian spirit
  7174 | D:8      | Maurice stole a +0 kite shield
  7175 | D:8      | Maurice stole 297 gold
  7177 | D:8      | Killed Maurice
  7348 | D:8      | Reached ***** piety under Zin
  7608 | D:9      | Noticed a kobold demonologist
  7608 | D:9      | Noticed a kobold demonologist
  7608 | D:9      | Noticed a kobold demonologist
  7717 | D:9      | Noticed Maggie
  7734 | D:9      | Killed Maggie
  8022 | D:9      | Noticed a sun demon
  8029 | D:8      | Killed a kobold demonologist
  8030 | D:8      | Reached XP level 11. HP: 65/105 MP: 13/13
  8070 | D:8      | Noticed a sixfirhy
  8073 | D:8      | HP: 2/105 [sixfirhy[a kobold demonologist] (10)]
  8073 | D:8      | Mangled by a sixfirhy

Illustrated notes

Levels and vault maps discovered:
D:1:      orjb1_clovarrival, layout_basic, chequers_serial_rivers_micro_a,
          hangedman_decor_clover_reticule, minmay_indecisive_spiral
D:2:      layout_loops_cross
D:3:      layout_basic, st_stairs_10, roderic_batcave
D:4:      layout_cave_pools, gammafunk_ghost_smash
D:5:      layout_basic, uniq_grinder, uniq_menkaure
D:6:      layout_cave_pools, gammafunk_ghost_hive, uniq_eustachio, uniq_pikel
D:7:      layout_cave_pools, minmay_temple_entry_stoned_glass,
          serial_gnoll_camp, gnoll_camp_mini_hut, gnoll_camp_mini_hut,
          gnoll_camp_mini_shop, gnoll_camp_mini_loothouse, uniq_jeremiah
D:8:      layout_cave_pools, serial_shops, kennysheep_little_box, uniq_maurice,
          uniq_prince_ribbit1, uniq_grum, uniq_amaemon
D:9:      layout_cross, gammafunk_temple_overflow_wave, david_orc_5, uniq_maggie
Temple:   mainiacjoe_temple_big_plus

Skill      XL: |  1  2  3  4  5  6  7  8  9 10 |
---------------+-------------------------------+-----
Dodging        | 3 4 |  4.0
Throwing       | 1 2 3 4 6 8 9 |  9.0
Fighting       | 5 6 7 |  7.0
Maces & Flails | 4 5 |  5.0
Armour         | 1 3 4 |  4.0
Spellcasting   | 1 |  1.7
Evocations     | 3 5 |  5.0
Shields        | 2 8 |  8.0

Action                     |  1- 3 |  4- 6 |  7- 9 | 10-12 || total
---------------------------+-------+-------+-------+-------++-------
  Melee: Mace              |    29 |       |       |       ||    29
         Headbutt          |    10 |    19 |    58 |    35 ||   122
         Whip              |    48 |   110 |    37 |       ||   195
         Flail             |       |     6 |    35 |     4 ||    45
         Falchion          |       |       |   137 |   133 ||   270
  Throw: Dart              |       |       |    12 |    14 ||    26
         Stone             |       |       |       |     3 ||     3
 Invoke: Recite            |       |       |     1 |     2 ||     3
  Evoke: Wand              |       |       |     7 |       ||     7
    Use: Scroll            |       |       |       |    11 ||    11
 Armour: Robe              |    49 |    68 |   278 |   158 ||   553
  Dodge: Dodged            |    32 |    75 |   151 |    97 ||   355
  Block: Kite shield       |       |       |       |    69 ||    69
